 Dungeon Crawl Stone Soup version 0.23.1 (webtiles) character file.

Game seed: 2610625087448085265

166 Borgoz the Sneak (level 5, -4/41 HPs)
             Began as a Ghoul Enchanter on Mar 2, 2019.
             Splashed by a jelly's acid (5 damage)
             ... on level 5 of the Dungeon.
             The game lasted 00:06:36 (2965 turns).

Borgoz the Sneak (Ghoul Enchanter)                  Turns: 2965, Time: 00:06:37

Health: -4/41      AC:  2    Str: 12    XL:     5   Next: 47%
Magic:  7/7        EV: 16    Int: 10    God:
Gold:   137        SH:  0    Dex: 15    Spells: 5/8 levels left

rFire    . . .     SeeInvis .     - Unarmed
rCold    + . .     Gourm    .   (no shield)
rNeg     + + +     Faith    .   o - +0 ring mail
rPois    ∞         Spirit   .   (no helmet)
rElec    .         Reflect  .   (no cloak)
rCorr    .         Harm     .   (no gloves)
MR       .....                  e - +0 pair of boots
Stlth    +++.......             n - amulet of the acrobat
HPRegen  0.00/turn              (no ring)
MPRegen  0.10/turn              (no ring)

@: agile, corroded, rotting
A: rotting body, claws 1, carnivore, cold resistance 1, negative energy
resistance 3, inhibited regeneration, torment resistance, unbreathing
a: no special abilities


You were on level 5 of the Dungeon.
You were not hungry.

You visited 1 branch of the dungeon, and saw 5 of its levels.

You collected 137 gold pieces.

Inventory:

Missiles
 f - 8 poisoned needles
Armour
 e - a +0 pair of boots (worn)
 o - a +0 ring mail (worn)
Jewellery
 n - an amulet of the acrobat (around neck)
Wands
 l - a wand of digging (5)
Scrolls
 a - a scroll of enchant armour
 g - a scroll of magic mapping
 j - a scroll of enchant weapon
 m - 2 scrolls of remove curse
Potions
 h - 5 potions of curing
 i - a potion of flight
Comestibles
 d - 3 rations


   Skills:
 + Level 1.7 Fighting
   Level 0.8 Short Blades
 + Level 2.3 Dodging
 + Level 4.2 Stealth
 * Level 2.8 Unarmed Combat
 + Level 2.2 Spellcasting
 + Level 2.9 Hexes


You had 5 spell levels left.
You knew the following spells:

 Your Spells              Type           Power        Failure   Level  Hunger
a - Corona                Hex            #......      22%         1    ##.....
b - Ensorcelled Hibernat  Hex/Ice        #.....       50%         2    ###....

Your spell library contained the following spells:

 Spells                   Type           Power        Failure   Level  Hunger
 Confuse                  Hex            #.......     54%         3    ####...
 Tukima's Dance           Hex            #.......     54%         3    ####...
 Dazzling Spray           Conj/Hex       #.....       75%         3    ####...


Dungeon Overview and Level Annotations

Branches:
Dungeon (5/15)
 Temple: D:4-7

Altars:

Annotations:
D:4 Blork the orc


Innate Abilities, Weirdness & Mutations

Your body is rotting away.
You thrive on raw meat.
You are immune to poison.
You have sharp fingernails.
You are carnivorous and can eat meat at any time.
Your flesh is cold resistant. (rC+)
You are immune to negative energy. (rN+++)
You do not regenerate when monsters are visible.
You are immune to unholy pain and torment.
You can survive without breathing.


Message History

a +0 dagger; a +0 robe; an orc skeleton
Things that are here:
a +0 hand axe; an orc skeleton
Found a battleaxe.
A worker ant comes into view.
The jelly closely misses you.
The worker ant twitches its antennae in your direction.
The jelly barely misses you.
There is a stone staircase leading up here.
Things that are here:
a +0 hand axe; an orc skeleton You feel agile all of a sudden.
The jelly closely misses you.
You are no longer corroded.
You scratch the jelly.
Your claws burn!
* * * LOW HITPOINT WARNING * * *
The jelly is severely wounded.
The jelly barely misses you.
You scratch the jelly. The acid corrodes you!
Your claws burn!
You die...

.... ...#####
#....).#
#......#
##......#
#.......+
#.......#
#.#...#.#
#@#...#.#
#J#.a...# ####
#a#.#.###
#...##)#.#.#
#....<)#.#.###
#............#
#............#
#.....#......#
#######......#


You could see a jelly and a worker ant.

Vanquished Creatures
  An orc priest (D:4)
  An orc wizard (D:5)
  3 adders (D:2)
  An ooze (D:1)
  An adder zombie (D:5)
  A worm (D:3)
  3 dart slugs
  3 leopard geckos
  4 orcs
  6 bats
  3 giant cockroaches
  7 goblins
  7 hobgoblins
  2 jackals (D:2)
  A quokka (D:2)
  5 frilled lizards
  5 kobolds
  6 rats
60 creatures vanquished.

Notes
Turn   | Place    | Note
-------+----------+-------------------------------------------
     0 | D:1      | Borgoz the Ghoul Enchanter began the quest for the Orb.
     0 | D:1      | Reached XP level 1. HP: 14/14 MP: 2/2
   366 | D:1      | Reached XP level 2. HP: 12/22 MP: 3/3
   634 | D:1      | Reached skill level 1 in Unarmed Combat
   848 | D:1      | Reached XP level 3. HP: 22/27 MP: 4/4
  1630 | D:2      | Reached skill level 1 in Fighting
  1661 | D:2      | Learned a level 2 spell: Ensorcelled Hibernation
  1775 | D:2      | Reached XP level 4. HP: 17/35 MP: 6/6
  1984 | D:2      | Reached skill level 4 in Stealth
  2477 | D:4      | Noticed Blork the orc
  2701 | D:5      | Entered Level 5 of the Dungeon
  2720 | D:4      | Reached XP level 5. HP: 26/39 MP: 7/7
  2964 | D:5      | HP: 1/41 [acid (4)]
  2965 | D:5      | Splashed by a jelly's acid

Skill      XL: |  1  2  3  4 |
---------------+-------------+-----
Unarmed Combat | 1 2 |  2.8
Dodging        | 2 |  2.3
Spellcasting   | 2 |  2.2
Fighting       | 1 |  1.7
Stealth        | 4 |  4.2
Short Blades   | |  0.8
Hexes          | |  2.9

Action                   |  1- 3 |  4- 6 || total
-------------------------+-------+-------++-------
Melee: Dagger            |   133 |    35 ||   168
       Punch             |     1 |     1 ||     2
       Unarmed           |       |    93 ||    93
 Cast: Corona            |     6 |     1 ||     7
  Use: Scroll            |     6 |     3 ||     9
       Potion            |       |     2 ||     2
 Stab: Sleeping          |     8 |     2 ||    10
  Eat: Chunk             |    11 |    16 ||    27
Armor: Robe              |    32 |    23 ||    55
       Ring mail         |       |    12 ||    12
Dodge: Dodged            |    86 |    81 ||   167
